 Dungeon Crawl Stone Soup version 0.29-a0-563-g64e4043184 (webtiles) character file.

Game seed: 663079325390920116

102 DocClef the Covert (level 4, -6/41 HPs)
             Began as a Gnoll Delver on June 11, 2022.
             Killed by nerve-wracking pain
             ... invoked by Menkaure
              (14 damage)
             ... on level 4 of the Dungeon.
             The game lasted 00:00:30 (289 turns).

DocClef the Covert (Gnoll Delver)                    Turns: 289, Time: 00:00:30

Health: -6/41      AC:  3    Str: 11    XL:     4   Next: 77%
Magic:  5/5        EV: 13    Int:  9    God:
Gold:   5          SH:  0    Dex: 16    Spells: 5/5 levels left

rFire   . . .      SeeInvis .   a - +0 short sword
rCold   . . .      Faith    .   (no shield)
rNeg    . . .      Spirit   .   b - +0 leather armour
rPois   .          Reflect  .   (no helmet)
rElec   .          Harm     .   (no cloak)
rCorr   .          Rampage  .   (no gloves)
Will    .....                   (no boots)
Stlth   ++++......              (no amulet)
HPRegen 0.13/turn               (no ring)
MPRegen 0.09/turn               (no ring)

@: no status effects
A: fangs 1, strong nose, distributed training
a: no special abilities


You were on level 4 of the Dungeon.
You visited 1 branch of the dungeon, and saw 2 of its levels.

You collected 5 gold pieces.

Inventory:

Hand Weapons
 a - a +0 short sword (weapon)
Armour
 b - a +0 leather armour (worn)
Wands
 g - a wand of digging (3)
Scrolls
 c - a scroll of fog
 d - a scroll of magic mapping
 e - a scroll of fear
 i - a scroll of teleportation {unknown}
Potions
 f - a potion of haste
 h - a potion of curing {unknown}


   Skills:
 + Level 6.6 Fighting
 + Level 4.7 Short Blades
 + Level 1.2 Long Blades
 + Level 1.2 Axes
 + Level 1.2 Maces & Flails
 + Level 1.2 Polearms
 + Level 1.2 Staves
 + Level 1.2 Slings
 + Level 1.2 Bows
 + Level 1.2 Crossbows
 + Level 1.2 Throwing
 + Level 1.2 Armour
 + Level 4.7 Dodging
 + Level 9.6 Stealth
 + Level 1.2 Shields
 + Level 1.2 Unarmed Combat
 + Level 1.2 Spellcasting
 + Level 1.0 Conjurations
 + Level 1.0 Hexes
 + Level 1.0 Summonings
 + Level 1.0 Necromancy
 + Level 1.0 Translocations
 + Level 1.0 Transmutations
 + Level 1.0 Fire Magic
 + Level 1.0 Ice Magic
 + Level 1.0 Air Magic
 + Level 1.0 Earth Magic
 + Level 1.0 Poison Magic
 + Level 1.3 Invocations
 + Level 1.2 Evocations


You had 5 spell levels left.
You didn't know any spells.
Your spell library was empty.

Dungeon Overview and Level Annotations

Branches:
Dungeon (5/15)
 Temple: D:4-7

Altars:

Annotations:
D:4 Menkaure


Innate Abilities, Weirdness & Mutations

You have very sharp teeth.
Your uncanny sense of smell can sniff out nearby items.
Your experience applies equally to all skills.


Message History

Menkaure hits you.
You hit Menkaure.
Menkaure is heavily damaged.
Menkaure points at you and mumbles some strange words.
Pain shoots through your body!
You hit Menkaure but do no damage.
Menkaure is heavily damaged.
Menkaure misses you.
You barely miss Menkaure. You bite Menkaure.
Menkaure is heavily damaged.
Menkaure hits you but does no damage.
You barely miss Menkaure.
Menkaure is heavily damaged.
Menkaure misses you. Menkaure attacks as you move away! Menkaure hits you.
There is a stone staircase leading down here.
You hit Menkaure but do no damage.
Menkaure is heavily damaged.
Menkaure points at you and mumbles some strange words.
Pain shoots through your body!
You hit Menkaure but do no damage.
Menkaure is heavily damaged.
Menkaure barely misses you.
You barely miss Menkaure. Your punch misses Menkaure.
Menkaure is heavily damaged.
Menkaure barely misses you.
You hit Menkaure.
Menkaure is severely damaged.
Menkaure barely misses you.
Unknown command.
You hit Menkaure but do no damage.
Menkaure is severely damaged.
Menkaure calls on the powers of darkness!
Your body is wracked with pain!
* * * LOW HITPOINT WARNING * * *
You barely miss Menkaure. You bite Menkaure.
Menkaure is severely damaged.
Menkaure points at you and mumbles some strange words.
Pain shoots through your body!
You die...

#...# ..#.# #...#
#.#.###...###
#.#.........# #
#.#..#......# #.
#.#..#.....[#
##..###.#..#......#.##
.............#..M.......
................@##.#.#
......###.#.##.....$#
......###.#.##.######
........#.#.....
......#...####.##
.................
.........#####.##∆#
......#.^...#...#.#.#
......#......<..#.#.#.


You could see Menkaure (fast).

Vanquished Creatures
  A necrophage (D:5)
  A hound (D:5)
  An adder (D:5)
  A dart slug (D:4)
  A kobold (D:4)
5 creatures vanquished.

Notes
Turn   | Place    | Note
-------+----------+-------------------------------------------
     0 | D:5      | Reached skill level 9 in Stealth
     0 | D:5      | DocClef the Gnoll Delver began the quest for the Orb.
     0 | D:5      | Reached XP level 1. HP: 23/23 MP: 1/1
    32 | D:5      | Noticed a necrophage
    39 | D:5      | Killed a necrophage
    40 | D:5      | Reached skill level 1 in Long Blades
    40 | D:5      | Reached skill level 1 in Axes
    40 | D:5      | Reached skill level 1 in Maces & Flails
    40 | D:5      | Reached skill level 1 in Polearms
    40 | D:5      | Reached skill level 1 in Staves
    40 | D:5      | Reached skill level 1 in Slings
    40 | D:5      | Reached skill level 1 in Bows
    40 | D:5      | Reached skill level 1 in Crossbows
    40 | D:5      | Reached skill level 1 in Throwing
    40 | D:5      | Reached skill level 1 in Armour
    40 | D:5      | Reached skill level 1 in Shields
    40 | D:5      | Reached skill level 1 in Unarmed Combat
    40 | D:5      | Reached skill level 1 in Spellcasting
    40 | D:5      | Reached skill level 1 in Invocations
    40 | D:5      | Reached skill level 1 in Evocations
    40 | D:5      | Reached XP level 2. HP: 29/29 MP: 1/3
    40 | D:5      | Reached XP level 3. HP: 35/35 MP: 1/4
    40 | D:5      | Reached XP level 4. HP: 41/41 MP: 1/5
   179 | D:5      | Reached skill level 1 in Conjurations
   179 | D:5      | Reached skill level 1 in Hexes
   179 | D:5      | Reached skill level 1 in Summonings
   179 | D:5      | Reached skill level 1 in Necromancy
   179 | D:5      | Reached skill level 1 in Translocations
   179 | D:5      | Reached skill level 1 in Transmutations
   179 | D:5      | Reached skill level 1 in Fire Magic
   179 | D:5      | Reached skill level 1 in Ice Magic
   179 | D:5      | Reached skill level 1 in Air Magic
   179 | D:5      | Reached skill level 1 in Earth Magic
   179 | D:5      | Reached skill level 1 in Poison Magic
   269 | D:4      | Noticed Menkaure
   289 | D:4      | Killed from afar by Menkaure

Illustrated notes

Levels and vault maps discovered:
D:4:      layout_basic, amcnicky_altar_gilded, minmay_misc_feat_roman,
          uniq_menkaure
D:5:      layout_basic, grunt_temple_overflow_open, hangedman_decor_peaks_small,
          uniq_crazy_yiuf_cottage

Skill      XL: |  1  2  3  4 |
---------------+-------------+-----
Stealth        | |  9.6
Long Blades    | 1 |  1.2
Axes           | 1 |  1.2
Maces & Flails | 1 |  1.2
Polearms       | 1 |  1.2
Staves         | 1 |  1.2
Slings         | 1 |  1.2
Bows           | 1 |  1.2
Crossbows      | 1 |  1.2
Throwing       | 1 |  1.2
Armour         | 1 |  1.2
Shields        | 1 |  1.2
Unarmed Combat | 1 |  1.2
Spellcasting   | 1 |  1.2
Invocations    | 1 |  1.3
Evocations     | 1 |  1.2
Conjurations   | 1 |  1.0
Hexes          | 1 |  1.0
Summonings     | 1 |  1.0
Necromancy     | 1 |  1.0
Translocations | 1 |  1.0
Transmutations | 1 |  1.0
Fire Magic     | 1 |  1.0
Ice Magic      | 1 |  1.0
Air Magic      | 1 |  1.0
Earth Magic    | 1 |  1.0
Poison Magic   | 1 |  1.0
Fighting       | |  6.6
Short Blades   | |  4.7
Dodging        | |  4.7

Action                   |  1- 3 |  4- 6 || total
-------------------------+-------+-------++-------
Melee: Short sword       |     1 |    20 ||    21
       Bite              |       |     4 ||     4
       Punch             |       |     1 ||     1
 Stab: Sleeping          |     1 |     3 ||     4
Armor: Leather armour    |       |     1 ||     1
Dodge: Dodged            |       |     7 ||     7

Table legend: (Time is in decaauts)
 A = Elapsed time spent in this place.
 B = Non-inter-level travel time spent in this place.
 C = Inter-level travel time spent in this place.
 D = Time resting spent in this place.
 E = Time spent auto-exploring this place.
 F = Levels seen in this place.
 G = Mean time per level.
                   A        B        C        D        E       F      G
               +--------+--------+--------+--------+--------+-----+--------+
         Total |    286 |    271 |     15 |      0 |    207 |   2 |  143.0 |
       Dungeon |    286 |    271 |     15 |      0 |    207 |   2 |  143.0 |
               +--------+--------+--------+--------+--------+-----+--------+

Top non-repeatable levels by time:
     D:5: 229 daAuts
     D:4: 56 daAuts
